AoeStats
← Hara FTW!

Black Forest

508908848Analyzed
3v3 RM · 8d ago on Sep 24, 2026· 49m 26s· 6 players
Game mode
Random Map
Map size
Normal (6 player)
Population
200
Speed
Normal
Resources
Standard
Victory
Conquest
Starting age
Dark Age
Ending age
Imperial Age
RankedLock teamsTeams togetherTeam positionsShared explorationLock speedFull tech treeHidden civsTurbo modeCheats
Victory
Defeat
🇬🇧 Romans · United Kingdom
1065
+14
🇷🇴 Persians · Romania
1060
+14
🇷🇴 Khmer · Romania
937
+20
🇦🇷 Gurjaras · Argentina
1063
-18
🇦🇹 Persians · Austria
1009
-16
🇪🇬 Tatars · Egypt
966
-14
GallbaKT
0:33 Loom
13:24 Feudal Age
17:47 Castle Age
20:58 Double-Bit Axe
28:34 Bow Saw
28:51 Caravan
31:34 Imperial Age
29:28 Horse Collar
31:51 Capped Ram
32:59 Siege Ram
33:59 Heavy Scorpion
36:42 Ballistics
37:23 Chemistry
37:06 Wheelbarrow
38:57 Ballistas
40:36 Hand Cart
Hara FTW!
9:01 Loom
13:27 Feudal Age
18:01 Castle Age
17:26 Fishing Lines
21:21 Double-Bit Axe
21:56 Gillnets
25:06 Horse Collar
26:05 Bow Saw
27:40 Heavy Plow
28:42 Wheelbarrow
27:54 Town Watch
28:29 Scale Barding Armor
28:38 Forging
33:42 Imperial Age
31:18 Gold Mining
31:43 Husbandry
31:54 Bloodlines
33:23 Chain Barding Armor
33:39 Iron Casting
33:53 Gold Shaft Mining
33:59 Caravan
34:27 Hand Cart
36:53 Crop Rotation
36:29 Light Cavalry
39:14 Plate Barding Armor
39:40 Blast Furnace
38:40 Hussar
40:51 Conscription
43:35 Double Crossbow
43:51 Elite Ballista Elephant
47:16 Ballistics
Aleon
1:44 Loom
13:02 Feudal Age
18:15 Castle Age
17:18 Wheelbarrow
16:35 Double-Bit Axe
17:51 Fishing Lines
19:17 Bow Saw
19:53 Fletching
20:48 Bodkin Arrow
23:47 Gillnets
26:39 Horse Collar
27:34 Heavy Plow
29:17 Hand Cart
29:51 Kamandaran
30:21 Town Watch
31:43 Scale Barding Armor
31:49 Forging
32:25 Thumb Ring
31:45 Crossbowman
32:47 Bloodlines
34:21 Coinage
33:51 Caravan
34:21 Chain Barding Armor
34:37 Iron Casting
34:04 Padded Archer Armor
34:01 Murder Holes
36:05 Ballistics
35:56 Masonry
35:49 Husbandry
38:26 Imperial Age
35:59 Town Patrol
38:19 Leather Archer Armor
37:28 Light Cavalry
38:03 Gold Mining
38:04 Stone Mining
38:57 Guilds
39:18 Banking
40:11 Two-Man Saw
39:43 Crop Rotation
40:19 Plate Barding Armor
40:45 Blast Furnace
41:04 Chemistry
40:58 Ring Archer Armor
41:10 Architecture
40:52 Clinker Construction
41:24 Gold Shaft Mining
42:49 Conscription
43:05 Hoardings
42:43 Citadels
41:54 Elite War Elephant
42:16 Cavalier
42:50 Hussar
44:09 Savar
46:59 Carvel Hull
48:17 Scale Mail Armor
alejocantonee
0:28 Loom
13:39 Feudal Age
14:06 Double-Bit Axe
17:36 Bloodlines
18:49 Forging
21:37 Wheelbarrow
25:06 Castle Age
23:12 Horse Collar
23:32 Gold Mining
23:41 Stone Mining
23:44 Fletching
30:02 Heavy Plow
30:14 Bow Saw
30:03 Bodkin Arrow
32:15 Hand Cart
37:19 Imperial Age
36:45 Thumb Ring
37:41 Gold Shaft Mining
38:26 Conscription
39:11 Crop Rotation
38:33 Elite Elephant Archer
39:15 Padded Archer Armor
40:16 Light Cavalry
41:39 Scale Barding Armor
42:47 Chain Barding Armor
42:06 Light Cavalry
42:53 Hussar
44:21 Iron Casting
45:33 Plate Barding Armor
45:10 Husbandry
45:16 Husbandry
45:28 Bracer
Hazem
0:29 Loom
12:29 Feudal Age
14:03 Wheelbarrow
13:14 Double-Bit Axe
15:22 Gold Mining
22:52 Castle Age
21:51 Bloodlines
22:56 Forging
22:51 Scale Barding Armor
22:31 Horse Collar
23:48 Hand Cart
23:56 Heavy Plow
24:10 Bow Saw
26:59 Town Watch
28:29 Iron Casting
28:14 Chain Barding Armor
28:42 Husbandry
31:42 Gold Shaft Mining
30:57 Stone Mining
34:46 Imperial Age
32:28 Fletching
32:38 Padded Archer Armor
32:47 Caravan
34:30 Ballistics
34:51 Leather Archer Armor
34:31 Bodkin Arrow
36:12 Crop Rotation
37:22 Conscription
38:03 Elite Steppe Lancer
41:10 Blast Furnace
40:45 Plate Barding Armor
40:18 Murder Holes
40:04 Treadmill Crane
41:28 Chemistry
42:05 Pikeman
newworldorder
10:46 Feudal Age
16:16 Castle Age
17:20 Double-Bit Axe
19:46 Loom
21:33 Fletching
22:52 Horse Collar
23:39 Bow Saw
26:53 Wheelbarrow
26:26 Heavy Plow
28:22 Pikeman
31:50 Imperial Age
30:48 Scale Barding Armor
30:58 Forging
30:49 Scale Mail Armor
31:14 Hand Cart
30:46 Town Watch
31:49 Bloodlines
31:47 Husbandry
32:11 Squires
31:39 Capped Ram
32:20 Gold Mining
33:18 Crop Rotation
33:51 Two-Man Saw
32:35 Fishing Lines
34:31 Chemistry
34:27 Gold Shaft Mining
34:58 Caravan
35:20 Chain Mail Armor
37:08 Cavalier
38:11 Conscription
37:50 Halberdier
39:07 Ballistics
39:20 Plate Mail Armor
39:27 Iron Casting
38:48 Bodkin Arrow
38:53 Padded Archer Armor
39:14 Chain Barding Armor
40:15 Masonry
40:09 Town Patrol
43:10 Savar
Connection lost

Rejoining the realm…

Still unreachable

The connection could not be restored.

Session expired

The server has moved on; the page needs a fresh start.